 Dungeon Crawl Stone Soup version 0.21.1-1-g345015f (webtiles) character file.

261 Kagorn the Slasher (level 5, 0/53 HPs)
             Began as a Troll Monk on July 16, 2018.
             Slain by a bat (1 damage)
             ... on level 3 of the Dungeon.
             The game lasted 00:07:57 (1331 turns).

Kagorn the Slasher (Troll Monk)                     Turns: 1331, Time: 00:07:58

Health: 0/53       AC:  5    Str: 19 (20) XL:     5   Next: 96%
Magic:  4/4        EV: 11    Int:  6      God:
Gold:   72         SH:  0    Dex: 12      Spells: 4/4 levels left

rFire    . . .     SeeInvis +   k - +1 short sword (venom)
rCold    . . .     Gourm    +   (no shield)
rNeg     . . .     Faith    .   b - +0 robe
rPois    .         Spirit   .   (helmet restricted)
rElec    .         Reflect  .   (no cloak)
rCorr    .         Harm     .   (gloves unavailable)
MR       .....                  (boots unavailable)
Stlth    ++........             (no amulet)
HPRegen  0.57/turn              l - ring of see invisible
MPRegen  0.09/turn              (no ring)

@: lethally poisoned (0 -> -4)
A: large, unfitting armour, claws 3, fast metabolism 3, gourmand, regeneration
1, shaggy fur 1, tough skin 2
a: no special abilities


You were on level 3 of the Dungeon.
You were very full.

You visited 1 branch of the dungeon, and saw 3 of its levels.

You collected 72 gold pieces.

Inventory:

Hand Weapons
 a - a +0 falchion
 k - a +1 short sword of venom (weapon)
Armour
 b - a +0 robe (worn)
 g - a +2 pair of gloves
Jewellery
 l - a ring of see invisible (left claw)
Scrolls
 e - a scroll of teleportation {unknown}
Potions
 f - 3 potions of brilliance
Comestibles
 c - 4 rations


   Skills:
 * Level 3.2 Fighting
 + Level 1.1(2.7) Short Blades
 * Level 3.9(4.0) Long Blades
 * Level 1.5 Armour
 + Level 3.1 Dodging
 + Level 1.2 Stealth


You had 4 spell levels left.
You didn't know any spells.

Dungeon Overview and Level Annotations

Branches:
Dungeon (3/15)

Altars:
Qazlal
Xom


Innate Abilities, Weirdness & Mutations

You are too large for most types of armour.
You have claws for hands.
Your metabolism is lightning-fast.
You like to eat raw meat.
Your natural rate of healing is unusually fast.
You are covered in fur. (AC +1)
You have very tough skin. (AC +2)


Message History

You kill the orc!
You feel sick.
The orc priest mumbles some strange prayers to Beogh against you.
Pain shoots through your body!
* * * LOW HITPOINT WARNING * * *
* * * LOW HITPOINT WARNING * * *
You feel sick.
The orc priest hits you but does no damage.
Items here: )) [ † a club; a dagger of venom; a ring mail; an orc corpse You barely miss the orc priest.
* * * LOW HITPOINT WARNING * * *
You feel sick. The bat closely misses you. The bat barely misses you.
The orc priest hits you.
* * * LOW HITPOINT WARNING * * *
You hit the orc priest.
The orc priest is poisoned.
The orc priest is moderately wounded.
* * * LOW HITPOINT WARNING * * *
You feel sick. The bat hits you.
You die...

### ###..
#..... #
#.....###
.#
.......o#
###.# #@#
#...?#
#b##.....##
#.#.......#
#†.........
#..<.......
##......|..
##...$...#
##.......
#...###


You could see an orc priest and a bat.

Vanquished Creatures
  Sigmund (D:2)
  An orc priest (D:3)
  An adder (D:2)
  An ooze (D:2)
  3 worms (D:2)
  3 dart slugs
  3 orcs (D:3)
  4 bats
  2 giant cockroaches
  6 hobgoblins
  2 jackals (D:2)
  8 kobolds
  A quokka (D:2)
  2 ball pythons
  3 frilled lizards
  2 goblins (D:1)
  5 rats
48 creatures vanquished.

Notes
Turn   | Place    | Note
-------+----------+-------------------------------------------
     0 | D:1      | Kagorn the Troll Monk began the quest for the Orb.
     0 | D:1      | Reached XP level 1. HP: 22/22 MP: 0/0
    51 | D:1      | Reached XP level 2. HP: 29/29 MP: 1/1
   725 | D:2      | Reached XP level 3. HP: 31/36 MP: 2/2
   732 | D:2      | Noticed a water elemental
   734 | D:2      | Found a stormy altar of Qazlal.
   753 | D:2      | Noticed an air elemental
   753 | D:2      | Noticed an earth elemental
   753 | D:2      | Noticed a fire elemental
   762 | D:2      | Found a shimmering altar of Xom.
   778 | D:2      | Noticed Sigmund
   792 | D:2      | Killed Sigmund
   792 | D:2      | Reached skill level 1 in Armour
   792 | D:2      | Reached XP level 4. HP: 23/45 MP: 3/3
   792 | D:2      | Reached XP level 5. HP: 27/53 MP: 4/4
   836 | D:2      | Found a faded altar of an unknown god.
   842 | D:2      | Reached skill level 1 in Short Blades
  1330 | D:3      | HP: 2/53 [poisoned by an orc]
  1331 | D:3      | Slain by a bat

Skill      XL: |  1  2  3  4  5 |
---------------+----------------+-----
Long Blades    | 3 |  3.9
Fighting       | 3 |  3.2
Armour         | 1 |  1.5
Dodging        | 3 |  3.1
Short Blades   | 1 |  1.1
Stealth        | |  1.2

Action                   |  1- 3 |  4- 6 || total
-------------------------+-------+-------++-------
Melee: Falchion          |    64 |       ||    64
       Short sword       |    32 |    68 ||   100
  Use: Potion            |     3 |       ||     3
       Scroll            |     2 |       ||     2
 Stab: Distracted        |     1 |       ||     1
       Sleeping          |       |     1 ||     1
  Eat: Chunk             |    13 |     4 ||    17
Armor: Robe              |    54 |    47 ||   101
Dodge: Dodged            |    72 |    62 ||   134
       Rpst.: Falchion   |    21 |       ||    21
